 Dungeon Crawl Stone Soup version 0.28.0-45-g0d030f2227 (webtiles) character file.

Game seed: 2692540570233644168

157 Bruhh the Chopper (level 5, 0/32 HPs)
             Began as a Gargoyle Fighter on Apr 23, 2022.
             Slain by an iguana (3 damage)
             ... on level 4 of the Dungeon.
             The game lasted 00:02:59 (4619 turns).

Bruhh the Chopper (Gargoyle Fighter)                Turns: 4619, Time: 00:03:00

Health: 0/32       AC: 10    Str: 22    XL:     5   Next: 38%
Magic:  5/5        EV:  9    Int:  8    God:
Gold:   172        SH:  4    Dex:  9    Spells: 4/4 levels left

rFire   . . .      SeeInvis .   a - +0 war axe
rCold   . . .      Faith    .   c - +0 buckler
rNeg    + . .      Spirit   .   b - +0 scale mail
rPois   ∞          Reflect  .   (no helmet)
rElec   +          Harm     .   (no cloak)
rCorr   .          Rampage  .   (no gloves)
Will    .....                   (no boots)
Stlth   ..........              (no amulet)
HPRegen 0.10/turn               j - ring of flight
MPRegen 0.09/turn               (no ring)

@: flying
A: sickness immunity, AC +4, negative energy resistance 1, electricity
resistance, torment resistance 1, petrification resistance
a: no special abilities


You were on level 4 of the Dungeon.
You visited 1 branch of the dungeon, and saw 4 of its levels.

You collected 172 gold pieces.

Inventory:

Hand Weapons
 a - a +0 war axe (weapon)
Armour
 b - a +0 scale mail (worn)
 c - a +0 buckler (worn)
Jewellery
 h - a ring of wizardry
 j - a ring of flight (left hand)
Scrolls
 e - a scroll of enchant armour {unknown}
 f - 3 scrolls of identify {unknown}
 n - a scroll of teleportation {unknown}
 o - a scroll of amnesia {unknown}
Potions
 d - 2 potions of might
 g - 2 potions of haste {unknown}
 i - a potion of berserk rage {unknown}
 k - a potion of resistance {unknown}
 l - a potion of curing {unknown}
 m - a potion of lignification {unknown}


   Skills:
 - Level 3.2 Fighting
 + Level 4.9 Axes
 - Level 3.2 Armour
 - Level 3.2 Shields


You had 4 spell levels left.
You didn't know any spells.
Your spell library contained the following spells:

 Spells                   Type           Power      Damage    Failure   Level
 Gell's Gravitas          Tloc           0%         N/A       99%         3
 Teleport Other           Tloc           0%         N/A       99%         3
 Dispersal                Tloc           0%         N/A       100%        6


Dungeon Overview and Level Annotations

Branches:
Dungeon (4/15)
 Temple: D:4-7

Altars:
Gozag


Innate Abilities, Weirdness & Mutations

You are immune to sickness and miasma.
Your stone body is resilient. (AC +4)
You are immune to poison.
You resist negative energy. (rN+)
You are resistant to electric shocks. (rElec)
You are resistant to unholy torment.
You are immune to petrification.


Message History

You completely miss the gnoll.
The iguana hisses angrily.
The gnoll closely misses you.
You hit the gnoll but do no damage.
An ufetubus comes into view.
The gnoll closely misses you.
The ufetubus moves out of view.
You slash the gnoll!
The gnoll is severely wounded.
The gnoll hits you with a +0 halberd. x2
You closely miss the gnoll.
The gnoll is severely wounded.
The gnoll hits you with a +0 halberd.
You hit the gnoll.
You kill the gnoll!
The iguana closely misses you.
There is a stone staircase leading up here.
You hit the iguana.
The iguana is lightly wounded.
The iguana bites you. The iguana barely misses you.
You barely miss the iguana.
The iguana is lightly wounded.
The iguana bites you.
You are too injured to fight recklessly!
You are too injured to fight recklessly!
You are too injured to fight recklessly!
You are too injured to fight recklessly!
You are too injured to fight recklessly!
You slash the iguana!
The iguana is severely wounded.
You block the iguana's attack.
You closely miss the iguana.
The iguana is severely wounded.
The iguana bites you!
* * * LOW HITPOINT WARNING * * *
The iguana bites you.
* * * LOW HITPOINT WARNING * * *
You closely miss the iguana.
The iguana is severely wounded.
The iguana bites you.
You die...

...#. .#.# .
.... .#.#
..#... ...##
....#.#
#.#...
...... ....
#.....##..#
..#..#.....#
......).@..#
.>.#....#l.#
#.....#.#
###.#.....
#. ...... ..
........ ...
........ #..
.(......


You could see an iguana.

Vanquished Creatures
  3 gnolls
  4 adders (D:3)
  3 worms
  2 dart slugs (D:2)
  7 orcs (D:3)
  5 ball pythons
  8 endoplasms
  2 giant cockroaches
  8 goblins
  2 hobgoblins (D:1)
  5 jackals
  4 kobolds
  4 quokkas
  5 bats
  2 frilled lizards
  8 rats
72 creatures vanquished.

Notes
Turn   | Place    | Note
-------+----------+-------------------------------------------
     0 | D:1      | Bruhh the Gargoyle Fighter began the quest for the Orb.
     0 | D:1      | Reached XP level 1. HP: 14/14 MP: 1/1
    86 | D:1      | Reached skill level 2 in Axes
   341 | D:1      | Reached XP level 2. HP: 5/19 MP: 2/2
   890 | D:1      | Reached skill level 3 in Axes
  1038 | D:1      | Found an opulent altar of Gozag.
  1056 | D:1      | Reached XP level 3. HP: 23/23 MP: 3/3
  2422 | D:3      | Reached XP level 4. HP: 25/28 MP: 4/4
  2727 | D:3      | Reached skill level 4 in Axes
  3477 | D:3      | Reached XP level 5. HP: 18/32 MP: 5/5
  4619 | D:4      | Slain by an iguana

Illustrated notes

Levels and vault maps discovered:
D:1:      minmay_arrival_three_doors, layout_basic, kennysheep_flooded_box,
          glass_columns_a, chequers_serial_rivers_room_a, minmay_hexomino_p4
D:2:      layout_loops_corners
D:3:      minmay_general_purpose_star, layout_rooms, minmay_shallow_snake_nest
D:4:      layout_rooms, gammafunk_ghost_grave

Skill      XL: |  1  2  3  4 |
---------------+-------------+-----
Axes           | 2 3 4 |  4.9
Fighting       | |  3.2
Armour         | |  3.2
Shields        | |  3.2

Action                   |  1- 3 |  4- 6 || total
-------------------------+-------+-------++-------
Melee: War axe           |   114 |   122 ||   236
Armor: Scale mail        |    72 |    70 ||   142
Dodge: Dodged            |    47 |    68 ||   115
Block: Buckler           |    27 |    23 ||    50
